 Dungeon Crawl Stone Soup version 0.22.1-1-ga44c0e56f4 (webtiles) character file.

1527 LLavrengius the Grappler (level 8, -4/80 HPs)
             Began as a Troll Gladiator on Oct 2, 2018.
             Slain by a gnoll
             ... wielding a +0 halberd
              (8 damage)
             ... on level 5 of the Dungeon.
             The game lasted 00:14:50 (4236 turns).

LLavrengius the Grappler (Troll Gladiator)          Turns: 4236, Time: 00:14:50

Health: -4/80      AC:  6    Str: 23    XL:     8   Next: 55%
Magic:  7/7        EV: 10    Int:  6    God:
Gold:   284        SH:  0    Dex: 11    Spells: 7/7 levels left

rFire    . . .     SeeInvis .     - Unarmed
rCold    . . .     Gourm    +   (no shield)
rNeg     . . .     Faith    .   a - +0 robe
rPois    .         Spirit   .   b - +0 hat
rElec    .         Reflect  .   y - +0 cloak
rCorr    .         Harm     .   (gloves unavailable)
MR       .....                  (boots unavailable)
Stlth    +.........             (no amulet)
HPRegen  0.63/turn              (no ring)
MPRegen  0.10/turn              (no ring)

@: no status effects
A: large, unfitting armour, claws 3, fast metabolism 3, gourmand, regeneration
1, shaggy fur 1, tough skin 2
a: no special abilities


You were on level 5 of the Dungeon.
You were completely stuffed.

You visited 1 branch of the dungeon, and saw 5 of its levels.

You collected 284 gold pieces.

Inventory:

Missiles
 c - 3 throwing nets (quivered)
 z - 9 poisoned needles
 C - 6 javelins
Armour
 a - a +0 robe (worn)
 b - a +0 hat (worn)
 y - a +0 cloak (worn)
Jewellery
 i - an uncursed ring of resist corrosion {unknown}
 p - a cursed ring of stealth {unknown}
Wands
 w - a wand of digging (11)
Scrolls
 f - a scroll of teleportation {unknown}
 g - 7 scrolls of identify {unknown}
 h - 3 scrolls of remove curse {unknown}
 k - a scroll of blinking {unknown}
 o - 2 scrolls of fear {unknown}
 r - a scroll of enchant weapon {unknown}
 x - 2 scrolls of amnesia {unknown}
 A - a scroll of enchant armour {unknown}
Potions
 e - a potion of heal wounds {unknown}
 j - 3 potions of flight {unknown}
 l - 2 potions of invisibility {unknown}
 m - 2 potions of curing {unknown}
 n - a potion of resistance {unknown}
 q - 2 potions of berserk rage {unknown}
 s - a potion of agility {unknown}
 u - a potion of cancellation {unknown}
 v - 2 potions of ambrosia {unknown}
 B - a potion of mutation {unknown}
Comestibles
 d - 10 rations
 t - 8 chunks of flesh


   Skills:
 + Level 5.3 Fighting
 - Level 1.7 Throwing
 - Level 2.4 Dodging
 * Level 9.3 Unarmed Combat


You had 7 spell levels left.
You didn't know any spells.
Your spell library was empty.

Dungeon Overview and Level Annotations

Branches:
Dungeon (5/15)
 Temple: D:4-7

Altars:
Cheibriados
Fedhas
Nemelex Xobeh
Qazlal
Uskayaw
Vehumet
Wu Jian


Innate Abilities, Weirdness & Mutations

You are too large for most types of armour.
You have claws for hands.
Your metabolism is lightning-fast.
You like to eat raw meat.
Your natural rate of healing is unusually fast.
You are covered in fur. (AC +1)
You have very tough skin. (AC +2)


Message History

You claw the big kobold!
You kill the big kobold!
The gnoll hits you but does no damage.
You claw the gnoll!
The gnoll is severely wounded.
The gnoll barely misses you. The gnoll misses you.
You barely miss the gnoll.
The gnoll is heavily wounded.
The gnoll barely misses you. The gnoll hits you.
* * * LOW HITPOINT WARNING * * *
You claw the gnoll!
You kill the gnoll!
You claw the kobold!
You kill the kobold!
The gnoll closely misses you.
The big kobold hits you but does no damage.
You are electrocuted!
* * * LOW HITPOINT WARNING * * *
The gnoll hits you with a halberd!
You die...

..........÷.......
.
≈≈.≈≈≈≈≈≈≈≈≈≈≈≈≈≈≈
≈≈≈≈≈≈≈≈≈≈≈≈≈≈≈≈≈≈
≈≈≈≈≈≈≈≈≈≈≈≈≈≈≈≈≈≈
≈≈≈≈≈≈≈≈≈≈≈≈≈≈#####
###############.$.#
..............#.$$#
..............#K$g#
...(..........##@#
...########.....)#
...# #......#
...########...(..#
....(....())..##+#
.......().....#
..............#
###############


You could see a big kobold and a gnoll.

Vanquished Creatures
  Pikel (D:4)
  A slave (D:4)
  An ogre (D:4)
  4 big kobolds (D:5)
  A hound (D:5)
  2 orc priests
  A bullfrog skeleton (D:5)
  Natasha (twice) (D:4)
  3 orc wizards
  6 worker ants (D:4)
  9 gnolls (D:5)
  9 adders
  2 oozes
  An adder skeleton (D:5)
  A worm (D:3)
  A dart slug (D:2)
  2 leopard geckos
  16 orcs
  7 bats
  2 giant cockroaches
  30 goblins
  13 hobgoblins
  9 jackals
  2 quokkas
  2 ball pythons
  8 frilled lizards
  9 kobolds
  A rat (D:1)
146 creatures vanquished.

Vanquished Creatures (others)
  A crimson imp (D:4)
  A hound (D:4)
  Natasha (D:4)
  A jackal (D:4)
  A frilled lizard (D:4)
5 creatures vanquished.

Grand Total: 151 creatures vanquished

Notes
Turn   | Place    | Note
-------+----------+-------------------------------------------
     0 | D:1      | LLavrengius the Troll Gladiator began the quest for the
                  | Orb.
     0 | D:1      | Reached XP level 1. HP: 19/19 MP: 0/0
   220 | D:1      | Reached XP level 2. HP: 28/28 MP: 1/1
   813 | D:2      | Reached XP level 3. HP: 34/35 MP: 2/2
   814 | D:2      | Reached skill level 4 in Unarmed Combat
   872 | D:2      | Found a hide-covered altar of Uskayaw.
   881 | D:2      | Noticed an enchanted hand axe
   882 | D:2      | Noticed a hand axe
  1221 | D:2      | Found an ornate altar of the Wu Jian Council.
  1301 | D:2      | Reached XP level 4. HP: 44/44 MP: 3/3
  1529 | D:3      | Found a radiant altar of Vehumet.
  1654 | D:3      | Reached skill level 5 in Unarmed Combat
  1654 | D:3      | Reached XP level 5. HP: 17/52 MP: 4/4
  2042 | D:4      | Noticed Natasha
  2052 | D:4      | Killed Natasha
  2164 | D:4      | Noticed a slave
  2165 | D:4      | Noticed a slave
  2165 | D:4      | Noticed a slave
  2166 | D:4      | Noticed Pikel
  2168 | D:4      | Noticed a slave
  2170 | D:4      | Killed a slave
  2189 | D:4      | Killed Pikel
  2189 | D:4      | Reached skill level 7 in Unarmed Combat
  2189 | D:4      | Reached XP level 6. HP: 12/62 MP: 5/5
  2189 | D:4      | Reached XP level 7. HP: 13/70 MP: 6/6
  2234 | D:4      | Killed Natasha
  2553 | D:4      | Found a sparkling altar of Nemelex Xobeh.
  2761 | D:4      | Reached skill level 8 in Unarmed Combat
  2817 | D:4      | Noticed Natasha
  2822 | D:4      | Killed Natasha
  3157 | D:5      | Entered Level 5 of the Dungeon
  3208 | D:5      | Found a blossoming altar of Fedhas.
  3351 | D:5      | Reached XP level 8. HP: 79/79 MP: 7/7
  3434 | D:5      | Found a snail-covered altar of Cheibriados.
  3536 | D:5      | Found a stormy altar of Qazlal.
  4000 | D:5      | Reached skill level 5 in Fighting
  4214 | D:5      | Reached skill level 9 in Unarmed Combat
  4236 | D:5      | HP: 4/80 [big kobold/short sword of electrocution (18)]
  4236 | D:5      | Slain by a gnoll

Skill      XL: |  1  2  3  4  5  6  7  8 |
---------------+-------------------------+-----
Fighting       | 2 4 5 |  5.3
Unarmed Combat | 4 5 7 8 9 |  9.3
Throwing       | |  1.7
Dodging        | |  2.4

Action                   |  1- 3 |  4- 6 |  7- 9 || total
-------------------------+-------+-------+-------++-------
Melee: Unarmed           |   123 |    95 |   200 ||   418
       Punch             |     1 |     1 |     4 ||     6
  Eat: Chunk             |    17 |     8 |    19 ||    44
Armor: Robe              |    54 |    25 |    50 ||   129
Dodge: Dodged            |    72 |    35 |   100 ||   207
